 Dungeon Crawl Stone Soup version 0.27-a0-998-g4cfe56dd59 (webtiles) character file.

Game seed: 7014501636895092081

55083 Lanoc the Dancer (level 14, -3/88 HPs)
             Began as a Gargoyle Artificer on Apr 16, 2021.
             Was a Follower of Uskayaw.
             Slain by a wolf spider simulacrum (14 damage)
             ... in a Gauntlet.
             The game lasted 00:33:23 (13952 turns).

Lanoc the Dancer (Gargoyle Artificer)              Turns: 13952, Time: 00:33:23

Health: -3/88      AC: 24    Str: 20    XL:     14   Next: 75%
Magic:  24/24      EV: 16    Int: 19    God:    Uskayaw [*.....]
Gold:   334        SH:  0    Dex: 18    Spells: 13/13 levels left

rFire    + + .     SeeInvis .   a - +8 storm bow {elec, penet}
rCold    . . .     Faith    +   (shield currently unavailable)
rNeg     + . .     Spirit   .   A - +0 troll leather armour {Purgy}
rPois    ∞         Reflect  .   r - +2 helmet
rElec    +         Harm     .   o - +0 cloak
rCorr    .         Rampage  .   q - +0 pair of gloves
Will     +....     NoTele   +   f - +1 pair of boots
Stlth    ++........             c - amulet of faith
HPRegen  1.24/turn              D - ring "Sennaq" {rF+ Dex+4}
MPRegen  0.19/turn              H - ring "Xauget" {rF+ Str+4 Int+6}

@: flying, very slightly contaminated, invisible
A: AC +10, big wings, negative energy resistance 1, electricity resistance,
torment resistance 1, unbreathing 1, petrification resistance
a: Renounce Religion, Stomp


You were in a Gauntlet.
You worshipped Uskayaw.
Uskayaw was pleased with you.
You visited 2 branches of the dungeon, and saw 14 of its levels.
You also visited: Sewer, Bailey and Gauntlet.

You collected 1672 gold pieces.
You spent 1338 gold pieces at shops.

Inventory:

Hand Weapons
 a - the +8 storm bow (weapon) {elec, penet}
   (You bought it in a shop on level 9 of the Dungeon)

   It charges the ammunition it shoots with electricity; occasionally upon a
   hit, such missiles may discharge and cause terrible harm.
   Ammo fired by it passes through the targets it hits, potentially hitting all
   targets in its path until it reaches maximum range.
 b - the +3 war axe of Dust {protect, Fly rF+ Dex+2}
   (You bought it in a shop on level 8 of the Dungeon)

   It grants its wielder temporary protection when it strikes (+7 to AC).
   It affects your dexterity (+2).
   It protects you from fire.
   It grants you flight.
Missiles
 y - 7 throwing nets (quivered)
 G - 240 arrows (quivered ammo)
Armour
 f - a +1 pair of boots (worn)
 o - a +0 cloak (worn)
 q - a +0 pair of gloves (worn)
 r - a +2 helmet (worn)
 A - a +0 troll leather armour (worn) {Purgy}
Jewellery
 c - an amulet of faith (around neck)
 D - the ring "Sennaq" (left hand) {rF+ Dex+4}
   (You bought it in a shop on level 8 of the Dungeon)

   [ring of protection from fire]

   It affects your dexterity (+4).
   It protects you from fire.
 E - a ring of positive energy
 H - the ring "Xauget" (right hand) {rF+ Str+4 Int+6}
   (You found it in a Gauntlet)

   [ring of intelligence]

   It affects your strength (+4).
   It affects your intelligence (+6).
   It protects you from fire.
Wands
 d - a wand of charming (18)
 j - a wand of flame (13)
 B - a wand of digging (12)
 J - a wand of iceblast (19)
 Q - a wand of acid (6)
 T - a wand of mindburst (9)
Scrolls
 g - 2 scrolls of brand weapon
 h - a scroll of immolation
 l - 2 scrolls of enchant weapon
 t - 2 scrolls of noise {unknown}
 z - 2 scrolls of amnesia {unknown}
 C - a scroll of torment {unknown}
 K - 4 scrolls of teleportation
 L - 2 scrolls of summoning {unknown}
 M - 2 scrolls of enchant armour {unknown}
 N - 2 scrolls of vulnerability {unknown}
 P - a scroll of magic mapping
 U - 2 scrolls of fog {unknown}
Potions
 i - a potion of cancellation {unknown}
 k - 6 potions of curing
 m - a potion of haste
 n - a potion of brilliance {unknown}
 p - 3 potions of invisibility
 s - a potion of lignification
 u - 5 potions of heal wounds
 w - 6 potions of attraction
 x - 3 potions of mutation
 F - 5 potions of magic
 I - 3 potions of might
Miscellaneous
 e - a piece from Xom's chessboard (15/15)
 v - a box of beasts


   Skills:
 + Level 10.0 Fighting
 - Level 1.7 Axes
 * Level 9.6 Bows
 + Level 9.5 Armour
 + Level 7.0 Dodging
 - Level 1.1 Stealth
 * Level 14.1 Invocations
 - Level 6.9 Evocations


You had 13 spell levels left.
You didn't know any spells.
Your spell library contained the following spells:

 Spells                   Type           Power      Damage    Failure   Level
 Animate Skeleton         Necr           0%         N/A       22%         1
 Apportation              Tloc           0%         N/A       22%         1
 Corona                   Hex            0%         N/A       22%         1
 Pain                     Necr           0%         1d4       22%         1
 Shock                    Conj/Air       0%         1d3       22%         1
 Sting                    Tmut/Pois      0%         1d3       22%         1
 Summon Small Mammal      Summ           0%         N/A       22%         1
 Poisonous Vapours        Pois/Air       0%         N/A       34%         2
 Static Discharge         Conj/Air       0%         N/A       34%         2
 Confusing Touch          Hex            0%         N/A       56%         3
 Gell's Gravitas          Tloc           0%         N/A       56%         3
 Ignite Poison            Fire/Tmut/Pois 0%         N/A       56%         3
 Mephitic Cloud           Conj/Pois/Air  0%         N/A       56%         3
 Swiftness                Air            0%         N/A       56%         3
 Vampiric Draining        Necr           0%         2d6       56%         3
 Airstrike                Air            0%         N/A       92%         4
 Animate Dead             Necr           0%         N/A       92%         4
 Olgreb's Toxic Radiance  Pois           0%         N/A       92%         4
 Petrify                  Tmut/Erth      0%         N/A       92%         4
 Agony                    Necr           0%         N/A       99%         5
 Lightning Bolt           Conj/Air       0%         1d11      99%         5
 Metabolic Englaciation   Hex/Ice        0%         N/A       99%         5
 Yara's Violent Unravell  Hex/Tmut       0%         3d3       99%         5


Dungeon Overview and Level Annotations

Branches:
Dungeon (13/15)            Temple (1/1) D:7            Lair (0/6) D:11
    Orc (0/2) D:9           Sewer (visited)          Bailey (visited)
Gauntlet (1/1)
 Vaults: D:13-14

Altars:
Cheibriados
Kikubaaqudgha
Uskayaw
Vehumet
Zin
The Shining One

Shops:
D:8 *(=*   D:9 (

Annotations:
D:10 1 runed translucent door, Capylives's ghost, novice TrGl Gauntlet 11 transporters, 3 runed translucent doors


Innate Abilities, Weirdness & Mutations

Your stone body is resilient. (AC +10)
You are immune to poison.
Your large and strong wings let you fly.
You resist negative energy. (rN+)
You are resistant to electric shocks. (rElec)
You are resistant to unholy torment.
You can survive without breathing.
You are immune to petrification.


Message History

Aim: a centaur warrior simulacrum (heavily damaged, 88% to hit)
You throw a throwing net.
The throwing net hits the centaur warrior simulacrum.
The centaur warrior simulacrum is caught in the net!
The centaur warrior simulacrum is heavily damaged.
The harpy simulacrum misses you. x2
The wolf spider simulacrum barely misses you.
The wolf spider simulacrum bites you but does no damage.
The harpy simulacrum closely misses you.
The harpy simulacrum claws you but does no damage.
The centaur warrior simulacrum struggles against the net.
The wolf spider simulacrum barely misses you.
The wolf spider simulacrum completely misses you.
The centaur warrior simulacrum struggles against the net.
The harpy simulacrum barely misses you. The harpy simulacrum misses you.
You shoot an arrow.
The arrow pierces through the centaur warrior simulacrum!!
The centaur warrior simulacrum vapourises!
The harpy simulacrum barely misses you.
The harpy simulacrum closely misses you.
The harpy simulacrum claws you but does no damage.
The harpy simulacrum closely misses you.
The wolf spider simulacrum misses you.
The wolf spider simulacrum closely misses you.
The harpy simulacrum completely misses you.
The harpy simulacrum barely misses you.
You shoot an arrow.
The arrow pierces through the harpy simulacrum!!
The harpy simulacrum is almost destroyed.
The harpy simulacrum claws you but does no damage.
The harpy simulacrum barely misses you. The wolf spider simulacrum hits you.
The wolf spider simulacrum freezes you!!
The wolf spider simulacrum barely misses you.
The harpy simulacrum claws you! The harpy simulacrum freezes you!
* * * LOW HITPOINT WARNING * * *
The harpy simulacrum closely misses you.
The wolf spider simulacrum hits you!
* * * LOW HITPOINT WARNING * * *
The wolf spider simulacrum freezes you!
You die...

#..##[.©.!##.#}.!©##5#.#...©...#.
§..#############################.
##...#.©.........©.........©.#..§
#≈...#...........©...........#..§
###..#########################..#
#≈.........#(........#.........≈
###........#...###...#.......§##
#≈#≈#≈#..#..○Z#....#..#≈#≈#§#
#######..#.#Z@#..#.#..#######
#≈..#.#######.#..≈#
#######..#.#..#.Z#Z#..#######
#≈#§#≈#..#....#.Z.Z#..#§#§#≈#
###........#...#.#.ZZ#........##
#≈.........#...?©?[.Z#.........§
###..#########################..#
#≈...#...........©...........#...
##...#.©.........©.........©.#...


You could see a harpy simulacrum and a wolf spider simulacrum.

Vanquished Creatures
  Josephine (D:10)
  Harold (D:9)
  2 two-headed ogres
  4 skeletal warriors
  An orc knight (Bailey)
  The ghost of t4s4d4r the Archer, a novice MiHu of Okawaru (D:6)
  2 kobold demonologists (Bailey)
  A torpor snail (shapeshifter) (D:8)
  Psyche (D:11)
  A komodo dragon (D:11)
  3 freezing wraiths (D:8)
  2 trolls
  2 vampires
  4 shadows
  A centaur simulacrum (Gauntlet)
  9 wraiths
  2 wyverns (D:9)
  18 yaks
  2 steam dragons
  6 vampire mosquitoes
  3 acid dragons (D:12)
  3 water moccasins
  A hornet zombie (D:8)
  A sky beast (D:6)
  A black bear (D:8)
  Purgy (Sewer)
  11 orc warriors
  3 ice beasts
  3 necrophages
  An ogre (D:4)
  4 centaurs
  2 phantoms
  A wyvern zombie (D:8)
  4 bullfrogs
  2 gnoll sergeants
  3 scorpions (D:6)
  A water moccasin zombie (D:5)
  A wyvern skeleton (D:6)
  A water moccasin skeleton (D:6)
  13 wights
  4 electric eels
  6 killer bees
  2 howler monkeys
  2 jellies
  4 centaur zombies
  2 centaur skeletons
  5 orc priests
  2 hounds
  2 bullfrog skeletons
  2 gnoll shamans (D:7)
  4 orc wizards
  2 iguanas
  A hound skeleton (D:5)
  A howler monkey zombie (D:8)
  27 gnolls
  5 adders
  A shadow imp (D:7)
  A white imp (D:6)
  An ufetubus (D:4)
  4 worms
  A dart slug (D:2)
  29 orcs
  3 ball pythons
  2 bat zombies (D:4)
  6 endoplasms
  16 giant cockroaches
  21 goblins
  15 hobgoblins
  10 jackals
  7 quokkas
  5 bats
  3 frilled lizards
  8 kobolds
  A quokka skeleton (D:4)
  5 rats
  A rat zombie (D:4)
335 creatures vanquished.

Vanquished Creatures (collateral kills)
  A hornet (D:8)
  The ghost of bmj180 the Chopper, an amateur MiFi of Lugonu (D:4)
  3 orc warriors (Bailey)
  A sky beast (D:8)
  2 kobold brigands (D:8)
  A killer bee (D:4)
  An orc (Bailey)
  A kobold (D:4)
  A quokka (D:4)
  3 goblins (Bailey)
15 creatures vanquished.

Vanquished Creatures (others)
  A water moccasin (D:8)
  A wyvern (D:8)
  A giant cockroach (D:1)
  A demonic plant (Gauntlet)
  8 plants (D:8)
12 creatures vanquished.

Grand Total: 362 creatures vanquished

Notes
Turn   | Place    | Note
-------+----------+-------------------------------------------
     0 | D:1      | Lanoc the Gargoyle Artificer began the quest for the Orb.
     0 | D:1      | Reached XP level 1. HP: 12/12 MP: 1/1
     1 | D:1      | Found a runed translucent door.
   281 | D:1      | Reached skill level 1 in Dodging
   281 | D:1      | Reached XP level 2. HP: 6/16 MP: 2/2
  1053 | D:1      | Reached XP level 3. HP: 5/21 MP: 3/3
  1055 | D:1      | Reached XP level 4. HP: 6/26 MP: 4/4
  1863 | D:2      | Found a faded altar of an unknown god.
  1871 | D:2      | Became a worshipper of Uskayaw the Reveller
  1871 | D:2      | Reached * piety under Uskayaw
  2395 | D:3      | Reached ** piety under Uskayaw
  2413 | D:3      | Noticed a water moccasin
  2432 | D:3      | Killed a water moccasin
  2433 | D:3      | Reached skill level 2 in Invocations
  2433 | D:3      | Reached XP level 5. HP: 15/31 MP: 4/6
  2456 | D:3      | Found a glowing golden altar of the Shining One.
  2517 | D:3      | Found a snail-covered altar of Cheibriados.
  2672 | D:3      | Reached *** piety under Uskayaw
  2674 | D:3      | Reached XP level 6. HP: 19/36 MP: 7/7
  3133 | D:4      | Reached skill level 3 in Invocations
  3135 | D:4      | Noticed a necrophage
  3151 | D:4      | Reached **** piety under Uskayaw
  3152 | D:4      | Killed a necrophage
  3153 | D:4      | Reached XP level 7. HP: 23/41 MP: 9/9
  3409 | D:4      | Found an ancient bone altar of Kikubaaqudgha.
  3534 | D:4      | Found a transporter.
  3534 | D:4      | Noticed bmj180's ghost (amateur MiFi)
  3585 | D:4      | Found a glowing silver altar of Zin.
  3595 | D:4      | Found a transporter.
  4100 | D:4      | Reached skill level 4 in Invocations
  4414 | D:4      | Killed bmj180's ghost
  4470 | D:5      | Entered Level 5 of the Dungeon
  4801 | D:5      | Reached XP level 8. HP: 47/48 MP: 11/11
  5171 | D:5      | Reached skill level 5 in Invocations
  5843 | D:6      | Identified a scroll of acquirement
  5843 | D:6      | Acquired a +5 rapier of electrocution
  5867 | D:6      | Noticed t4s4d4r's ghost (novice MiHu)
  5867 | D:6      | Noticed a vampire
  5876 | D:6      | Found a runed translucent gate.
  5876 | D:6      | Found a runed translucent gate.
  5876 | D:6      | Found a runed translucent gate.
  5901 | D:6      | Found a glowing drain.
  5924 | Sewer    | Entered a sewer
  5927 | Sewer    | Noticed Purgy
  5939 | Sewer    | Killed Purgy
  5940 | Sewer    | Reached skill level 5 in Armour
  6151 | D:6      | Upgraded the game from 0.27-a0-988-g25969acef8 to
                  | 0.27-a0-998-g4cfe56dd59
  6170 | D:6      | Reached skill level 5 in Evocations
  6176 | D:6      | Reached skill level 6 in Invocations
  6299 | D:6      | Found a hide-covered altar of Uskayaw.
  6387 | D:6      | Reached XP level 9. HP: 53/53 MP: 13/13
  6589 | D:6      | Reached skill level 5 in Fighting
  6941 | D:7      | Found a flagged portal.
  6971 | Bailey   | Entered a bailey
  7019 | Bailey   | Reached skill level 7 in Invocations
  7065 | Bailey   | Found an iron altar of Okawaru.
  7065 | Bailey   | Noticed a kobold demonologist
  7065 | Bailey   | Noticed a kobold demonologist
  7066 | Bailey   | Noticed a hellwing
  7073 | Bailey   | Noticed an ice devil
  7075 | Bailey   | Noticed a red devil
  7075 | Bailey   | Noticed an ice devil
  7078 | Bailey   | Noticed a red devil
  7079 | Bailey   | Killed a kobold demonologist
  7086 | Bailey   | Noticed a rust devil
  7086 | Bailey   | Killed a kobold demonologist
  7166 | Bailey   | Noticed an orc knight
  7186 | Bailey   | Killed an orc knight
  7187 | Bailey   | Reached skill level 8 in Invocations
  7264 | Bailey   | Reached XP level 10. HP: 58/60 MP: 16/16
  7355 | Bailey   | Reached ***** piety under Uskayaw
  7379 | Bailey   | Acquired 853 gold pieces
  7475 | Bailey   | Identified the +1 robe of Lugonu's Hope {*Slow rN++}
  7707 | D:7      | Found a staircase to the Ecumenical Temple.
  7803 | Temple   | Entered the Ecumenical Temple
  7955 | D:7      | Reached skill level 5 in Dodging
  7955 | D:7      | Reached skill level 9 in Invocations
  8813 | D:8      | Identified the +1 ring mail of Resourcefulness {Rampage rC+
                  | Int-2}
  8929 | D:8      | Noticed a two-headed ogre
  8965 | D:8      | Killed a two-headed ogre
  8975 | D:8      | Noticed a lindwurm
  9000 | D:8      | Noticed a torpor snail
  9000 | D:8      | a lindwurm changed into a torpor snail
  9018 | D:8      | Killed a torpor snail
  9019 | D:8      | Reached skill level 10 in Invocations
  9038 | D:8      | Reached XP level 11. HP: 66/67 MP: 18/18
  9101 | D:8      | Noticed a death knight
  9237 | D:8      | Found Gecweqiask's Antique Weapon Emporium.
  9237 | D:8      | Found Ydghotseo's General Store.
  9237 | D:8      | Found Niumabom's Assorted Antiques.
  9240 | D:8      | Found Qyig's Jewellery Emporium.
  9249 | D:8      | Bought a smouldering war axe for 280 gold pieces
  9249 | D:8      | Identified the +3 war axe of Dust {protect, Fly rF+ Dex+2}
                  | (You bought it in a shop on level 8 of the Dungeon)
  9253 | D:8      | Bought a potion of heal wounds for 65 gold pieces
  9261 | D:8      | Bought a coiled granite ring for 120 gold pieces
  9261 | D:8      | Identified the ring "Sennaq" {rF+ Dex+4} (You bought it in
                  | a shop on level 8 of the Dungeon)
  9569 | D:8      | Reached skill level 1 in Axes
  9678 | D:9      | Found Oschuadghe's Weapon Shop.
  9681 | D:9      | Bought the +8 storm bow {elec, penet} for 873 gold pieces
  9681 | D:9      | Found the +8 storm bow {elec, penet}
 10045 | D:6      | Killed t4s4d4r's ghost
 10046 | D:6      | Reached skill level 1 in Bows
 10552 | D:9      | Noticed Harold
 10568 | D:9      | Killed Harold
 10930 | D:9      | Found a staircase to the Orcish Mines.
 11286 | D:10     | Entered Level 10 of the Dungeon
 11332 | D:10     | Reached skill level 11 in Invocations
 11384 | D:10     | Found a radiant altar of Vehumet.
 11664 | D:10     | Found a runed translucent door.
 11664 | D:10     | Noticed Capylives's ghost (novice TrGl)
 11713 | D:10     | Noticed Josephine
 11719 | D:10     | Killed Josephine
 11720 | D:10     | Reached XP level 12. HP: 75/75 MP: 20/20
 11721 | D:10     | Reached ****** piety under Uskayaw
 12028 | D:11     | Noticed Psyche
 12031 | D:11     | Killed Psyche
 12334 | D:10     | Reached skill level 5 in Bows
 12510 | D:11     | Reached skill level 12 in Invocations
 12631 | D:11     | Found a staircase to the Lair.
 13049 | D:12     | Noticed a two-headed ogre
 13055 | D:12     | Killed a two-headed ogre
 13168 | D:12     | Reached skill level 13 in Invocations
 13168 | D:12     | Reached XP level 13. HP: 82/82 MP: 22/22
 13169 | D:12     | Reached skill level 14 in Invocations
 13169 | D:12     | Gained mutation: Your large and strong wings let you fly.
                  | [Gargoyle growth]
 13169 | D:12     | Reached XP level 14. HP: 87/87 MP: 22/24
 13414 | D:12     | Reached skill level 10 in Fighting
 13699 | D:13     | Found a gate leading to a gauntlet.
 13714 | Gauntlet | Entered a Gauntlet
 13714 | Gauntlet | Found a transporter.
 13714 | Gauntlet | Found a transporter.
 13730 | Gauntlet | Found a transporter.
 13750 | Gauntlet | Found a transporter.
 13750 | Gauntlet | Found a transporter.
 13750 | Gauntlet | Found a transporter.
 13753 | Gauntlet | Found a transporter.
 13753 | Gauntlet | Found a transporter.
 13778 | Gauntlet | Found a transporter.
 13790 | Gauntlet | Found a transporter.
 13792 | Gauntlet | Found the ring of the Octopus King
 13799 | Gauntlet | Found a runed translucent gate.
 13800 | Gauntlet | Found a transporter.
 13800 | Gauntlet | Found a runed translucent gate.
 13801 | Gauntlet | Found a runed translucent gate.
 13803 | Gauntlet | Noticed a dire elephant
 13817 | Gauntlet | Found a transporter.
 13838 | Gauntlet | Found a transporter.
 13854 | Gauntlet | Found a transporter.
 13895 | Gauntlet | Identified the ring "Xauget" {rF+ Str+4 Int+6}
 13952 | Gauntlet | Slain by a wolf spider simulacrum

Illustrated notes

Levels and vault maps discovered:
D:1:      dpeg_arrival_caged_fury, layout_basic
D:2:      layout_basic, hellmonk_ecumenical_altar_run_dry, item_on_display_a
D:3:      layout_basic, grunt_temple_overflow_open
D:4:      layout_basic, zin_treasury, lemuel_zombie_altar_kikubaaqudgha,
          gammafunk_ghost_arena, minivault_27, kennysheep_pointless_box
D:5:      layout_basic
D:6:      layout_basic, eat_drink_and_be_merry_uskayaw, gammafunk_ghost_split,
          portal_sewer_entry_f
D:7:      layout_rooms, temple_statues, enter_bailey_3, grunt_ministairs_14,
          grunt_decor_arrowhead, bh_walls_and_bars
D:8:      nzn_winding_woodlands_medium [nzn_winding_woodlands_5x5_three,
          nzn_winding_woodlands_5x15_pool, nzn_winding_woodlands_5x5_perimeter,
          nzn_winding_woodlands_5x5_open_star,
          nzn_winding_woodlands_center_garden,
          nzn_winding_woodlands_5x5_checkerboard,
          nzn_winding_woodlands_5x5_cross, nzn_winding_woodlands_5x15_cabin,
          nzn_winding_woodlands_5x5_closed_star], layout_basic,
          minmay_shop_grid_forest
D:9:      layout_loops_ring, orc_0_dummy, serial_shops, kennysheep_mini_moat,
          minivault_19, uniq_harold
D:10:     layout_roguey, old_standard_altar, gammafunk_ghost_grave,
          uniq_josephine
D:11:     layout_gridville, lair_entry_dummy, uniq_psyche
D:12:     layout_gridville, nrook_pool_corridor, kennysheep_generic_room_12
D:13:     layout_gridville, grunt_vaults_entry_tiered, gauntlet_entry_generic,
          uniq_nessos
Temple:   regret_index_temple_sphere_string
Gauntlet: gammafunk_gauntlet_mixed_choke_point
          [minmay_gauntlet_arena_77_terracotta_army,
          minmay_gauntlet_arena_77_fan, minmay_gauntlet_arena_77_mess,
          nicolae_gauntlet_arena_t_cross, minmay_gauntlet_arena_77_two_lines,
          minmay_gauntlet_arena_77_two_paths,
          minmay_gauntlet_arena_77_run_for_it, gauntlet_exit_spiral]

Skill      XL: |  1  2  3  4  5  6  7  8  9 10 11 12 13 14 |
---------------+-------------------------------------------+-----
Dodging        | 1 2 3 4 5 6 7 |  7.0
Evocations     | 3 4 5 6 |  6.9
Fighting       | 2 3 4 6 7 8 9 10 | 10.0
Armour         | 3 4 5 6 7 8 9 |  9.5
Invocations    | 2 3 4 6 8 10 11 13 14 | 14.1
Axes           | 1 |  1.7
Bows           | 4 8 9 |  9.6
Stealth        | |  1.1

Action                   |  1- 3 |  4- 6 |  7- 9 | 10-12 | 13-15 || total
-------------------------+-------+-------+-------+-------+-------++-------
Melee: Club              |   123 |    30 |       |       |       ||   153
       Mace              |       |   121 |   163 |       |       ||   284
       Rapier            |       |       |   181 |   249 |       ||   430
       War axe           |       |       |       |   101 |       ||   101
       Longbow           |       |       |       |     1 |       ||     1
 Fire: Longbow           |       |       |       |   208 |    35 ||   243
Throw: Dart              |       |       |       |     1 |       ||     1
       Throwing net      |       |       |       |       |     1 ||     1
Evoke: Wand              |    10 |     6 |     5 |    17 |       ||    38
       Piece from Xom's  |    15 |     3 |       |     3 |       ||    21
       Box of beasts     |       |       |     2 |       |       ||     2
  Use: Scroll            |       |       |     6 |     7 |     4 ||    17
       Potion            |       |       |       |     5 |     4 ||     9
 Stab: Paralysed         |     2 |     5 |    12 |    26 |       ||    45
       Petrified         |       |     8 |       |       |       ||     8
       Sleeping          |       |     4 |     4 |       |       ||     8
       Distracted        |       |       |     1 |     1 |       ||     2
Armor: Leather armour    |    89 |    81 |   132 |       |       ||   302
       Troll leather arm |       |       |    75 |   359 |    24 ||   458
Dodge: Dodged            |   113 |   100 |   301 |   491 |    54 ||  1059

Table legend: (Time is in decaauts)
 A = Elapsed time spent in this place.
 B = Non-inter-level travel time spent in this place.
 C = Inter-level travel time spent in this place.
 D = Time resting spent in this place.
 E = Time spent auto-exploring this place.
 F = Levels seen in this place.
 G = Mean time per level.
                   A        B        C        D        E       F      G
               +--------+--------+--------+--------+--------+-----+--------+
         Total |  14412 |  13805 |    607 |    273 |  10257 |  17 |  847.8 |
       Dungeon |  13194 |  12587 |    607 |    201 |   9728 |  13 | 1014.9 |
        Temple |      1 |      1 |      0 |      0 |      0 |   1 |    1.0 |
         Sewer |    227 |    227 |      0 |      0 |    163 |   1 |  227.0 |
        Bailey |    748 |    748 |      0 |     72 |    203 |   1 |  748.0 |
      Gauntlet |    239 |    239 |      0 |      0 |    163 |   1 |  239.0 |
               +--------+--------+--------+--------+--------+-----+--------+

Top non-repeatable levels by time:
     D:4: 1676 daAuts
     D:8: 1537 daAuts
     D:1: 1403 daAuts
     D:5: 1249 daAuts
     D:6: 1108 daAuts
     D:2: 1064 daAuts
     D:3: 1004 daAuts
    D:12: 876 daAuts
     D:9: 847 daAuts
    D:11: 838 daAuts
     D:7: 799 daAuts
  Bailey: 748 daAuts
    D:10: 730 daAuts
Gauntlet: 239 daAuts
   Sewer: 227 daAuts
